 Dungeon Crawl Stone Soup version 0.31-a0-889-g1a8549509d (webtiles) character file.

Game seed: 11685828783101083199

2975069 tabstorm the Grand Master (level 27, 291/291 HPs)
             Began as a Barachi Monk on Oct 15, 2023.
             Was a High Priest of Jiyva.
             Escaped with the Orb
             ... and 4 runes on Oct 17, 2023!
             The game lasted 02:46:43 (47503 turns).

tabstorm the Grand Master (Barachi Monk)           Turns: 47503, Time: 02:46:44

Health: 291/291    AC: 42    Str: 19    XL:     27
Magic:  30/30      EV: 26    Int: 16    God:    Jiyva [*****.]
Gold:   1133       SH:  8    Dex: 19    Spells: 22/36 levels left

rFire   + .          .
                       - Unarmed
rCold   + + +        t - +2 buckler {rC+}
rNeg    + + .        A - melded +10 plate armour of Nelaa {Rampage rElec Regen+ Stlth+}
rPois   ∞            U - +2 hat {Will+}
rElec   +            R - +2 cloak {rPois}
rCorr   +            B - melded +3 Mad Mage's Maulers {Infuse+∞ VampMP -Cast}
SInv    .            x - melded +2 pair of boots
Will    +++..        V - amulet of regeneration
Stlth   +            m - +4 ring of slaying
HPRegen 2.92/turn    b - ring "Zig Riq" {rF+ rC+ rN+}
MPRegen 0.67/turn

%: clarity
@: statue-form, very slow
A: slow and powerful, torment resistance 1, boosted hp, amphibious, (slowness
1), strong legs 2, +LOS, fangs 1, clarity, clever 1, cold resistance 1, frail 1,
electricity resistance, jelly sensing items, sturdy frame 1
0: Orb of Zot
}: 4/15 runes: serpentine, barnacled, slimy, silver
a: Hop, Begin Untransformation, Renounce Religion, Oozemancy, Slimify


You escaped.
You worshipped Jiyva.
Jiyva was extremely pleased with you.
You were a living statue of rough stone.
You visited 10 branches of the dungeon, and saw 52 of its levels.
You visited the Abyss 2 times.
You also visited: Gauntlet, Ice Cave, Volcano and Wizlab.

You collected 5989 gold pieces.
You spent 4856 gold pieces at shops.

Inventory:

Hand Weapons
 K - a +4 demon trident of electrocution
Missiles
 u - 5 throwing nets (quivered)
 Q - 7 curare-tipped darts
Armour
 d - an orb of light
 t - a +2 buckler of cold resistance (worn)
 w - the +5 faerie dragon scales {rElec rCorr}
   (You took it off the Enchantress on level 2 of the Depths)

   rElec:     It insulates you from electricity.
   rCorr:     It protects you from acid and corrosion.
 x - a +2 pair of boots (melded)
 A - the +10 plate armour of Nelaa (melded) {Rampage rElec Regen+ Stlth+}
   (You found it on level 4 of the Vaults)

   rElec:     It insulates you from electricity.
   Regen+:    It increases your rate of health regeneration.
   Rampage:   It bestows one free step when moving towards enemies.
   Stlth+:    It makes you more stealthy.
 B - the +3 Mad Mage's Maulers (melded) {Infuse+∞ VampMP -Cast}
   (You found it on level 7 of the Dungeon)

   Infuse+∞: It empowers its wearer's blows with all of their magic.
   VampMP:    Blows struck in melee replenish the wearer's magic.
   -Cast:     It prevents spellcasting.
 R - a +2 cloak of poison resistance (worn)
 U - a +2 hat of willpower (worn)
Jewellery
 b - the ring "Zig Riq" (right fist) {rF+ rC+ rN+}
   (You took it off a deep elf demonologist on level 3 of the Elven Halls)

   [ring of protection from cold]

   rF+:       It protects you from fire.
   rC+:       It protects you from cold.
   rN+:       It protects you from negative energy.
 i - a ring of flight
 m - a +4 ring of slaying (left fist)
 n - the ring of Kailukol {rPois EV+5 Int+6}
   (You bought it in a shop on level 2 of the Orcish Mines)

   [ring of evasion]

   EV+5:      It affects your evasion (+5).
   Int+6:     It affects your intelligence (+6).
   rPois:     It protects you from poison
 G - an amulet of reflection
 O - a +5 ring of evasion
 P - the ring of Nyzushikh {Wiz Int+3}
   (You found it on level 5 of the Vaults)

   [ring of wizardry]

   Wiz:       It improves your spell success rate.
   Int+3:     It affects your intelligence (+3).
 T - the ring "Ceweppac" {rN+ Will+}
   (You took it off a fire giant on level 5 of the Vaults)

   [ring of willpower]

   rN+:       It protects you from negative energy.
   Will+:     It increases your willpower.
 V - an amulet of regeneration (around neck)
 W - a ring of protection from fire
Talismans
 X - a storm talisman
 Z - a granite talisman (active)
Wands
 l - a wand of mindburst (7)
 y - a wand of roots (23)
 N - a wand of paralysis (18)
Scrolls
 e - 4 scrolls of enchant weapon
 h - 3 scrolls of vulnerability
 q - a scroll of fear
 z - a scroll of revelation
 C - 8 scrolls of identify
 D - 11 scrolls of teleportation
 H - 3 scrolls of blinking
 J - a scroll of fog
 L - a scroll of amnesia
 M - a scroll of enchant armour
Potions
 a - 4 potions of might
 c - a potion of ambrosia
 f - 5 potions of enlightenment
 g - 3 potions of resistance
 k - 4 potions of magic
 o - a potion of berserk rage
 r - 10 potions of curing
 s - 4 potions of brilliance
 v - 2 potions of invisibility
 F - 4 potions of heal wounds
Miscellaneous
 p - a lightning rod (4/4)
 E - a phantom mirror
 S - a phial of floods
 Y - a condenser vane


   Skills:
 O Level 27 Fighting
 - Level 13.6 Axes
 - Level 9.8 Armour
 - Level 20.8 Dodging
 - Level 5.8 Stealth
 - Level 6.7 Shields
 O Level 27 Unarmed Combat
 - Level 5.0 Spellcasting
 - Level 13.0 Translocations
 - Level 6.1 Evocations
 * Level 24.3 Shapeshifting


You had 22 spell levels left.
You knew the following spells:

 Your Spells              Type           Power      Damage    Failure   Level
a - Apportation           Tloc           90%        N/A       1%          1
b - Wereblood             Tmut           4%         N/A       26%         2
c - Lesser Beckoning      Tloc           90%        N/A       1%          2
d - Teleport Other        Tloc           45%        N/A       1%          3
e - Dispersal             Tloc           22%        N/A       13%         6

Your spell library contained the following spells:

 Spells                   Type           Power      Damage    Failure   Level
 Gell's Gravitas          Tloc           45%        N/A       1%          3
 Volatile Blastmotes      Fire/Tloc      48%        2d14      3%          3
 Dimensional Bullseye     Hex/Tloc       12%        N/A       12%         4
 Iskenderun's Mystic Bla  Conj/Tloc      24%        2d7       12%         4
 Foxfire                  Conj/Fire      16%        2x1d4     19%         1
 Kiss of Death            Conj/Necr      16%        2d6       19%         1
 Summon Small Mammal      Summ           16%        N/A       19%         1
 Cigotuvi's Dreadful Rot  Necr/Pois/Air  8%         N/A       26%         2
 Jinxbite                 Hex            8%         N/A       26%         2
 Poisonous Vapours        Pois/Air       8%         N/A       26%         2
 Static Discharge         Conj/Air       8%         2-3/arc   26%         2
 Summon Forest            Summ/Tloc      12%        N/A       34%         5
 Confusing Touch          Hex            4%         N/A       47%         3
 Dazzling Flash           Conj/Hex       8%         N/A       47%         3
 Frozen Ramparts          Ice            8%         1d2       47%         3
 Hailstorm                Conj/Ice       4%         3d4       47%         3
 Mephitic Cloud           Conj/Pois/Air  4%         N/A       47%         3
 Tukima's Dance           Hex            4%         N/A       47%         3
 Airstrike                Air            2%         2d(1-17)  87%         4
 Anguish                  Hex/Necr       2%         N/A       87%         4
 Brom's Barrelling Bould  Conj/Erth      4%         2d3       87%         4
 Cause Fear               Hex            2%         N/A       87%         4
 Dispel Undead            Necr           4%         3d7       87%         4
 Petrify                  Tmut/Erth      4%         N/A       87%         4
 Summon Ice Beast         Ice/Summ       4%         N/A       87%         4
 Summon Lightning Spire   Summ/Air       4%         N/A       87%         4
 Agony                    Necr           4%         N/A       99%         5
 Alistair's Intoxication  Tmut/Pois      2%         N/A       99%         5
 Fireball                 Conj/Fire      2%         3d4       99%         5
 Freezing Cloud           Conj/Ice/Air   2%         6-21      99%         5
 Iskenderun's Battlesphe  Conj           4%         2d6       99%         5
 Metabolic Englaciation   Hex/Ice        2%         N/A       99%         5
 Summon Mana Viper        Hex/Summ       4%         N/A       99%         5
 Conjure Ball Lightning   Conj/Air       2%         3x3d6     100%        6
 Plasma Beam              Fire/Air       2%         2x1d12    100%        6
 Simulacrum               Ice/Necr       2%         N/A       100%        6
 Starburst                Conj/Fire      2%         6d3       100%        6
 Summon Cactus Giant      Summ           2%         N/A       100%        6
 Enfeeble                 Hex            2%         N/A       100%        7
 Orb of Destruction       Conj           2%         9d5       100%        7
 Spellforged Servitor     Conj/Summ      2%         N/A       100%        7
 Summon Hydra             Summ           2%         N/A       100%        7
 Discord                  Hex            2%         N/A       100%        8
 Maxwell's Capacitive Co  Air            2%         ∞         100%        8
 Dragon's Call            Summ           2%         N/A       100%        9
 Sublimation of Blood     Necr           Unusable   N/A       N/A         2

Dungeon Overview and Level Annotations

Branches:
Dungeon (15/15)            Temple (0/1) D:5            Lair (5/5) D:8
 Shoals (4/4) Lair:3        Snake (4/4) Lair:3        Slime (5/5) Lair:4
    Orc (2/2) D:9             Elf (3/3) Orc:2        Vaults (5/5) D:13
  Crypt (0/3) Vaults:2     Depths (4/4) D:15            Zot (5/5) Depths:4
  IceCv (visited)         Volcano (visited)          WizLab (visited)
Gauntlet (visited)

Altars:
Dithmenos
Fedhas
Gozag
Hepliaklqana
Kikubaaqudgha
Makhleb
Nemelex Xobeh
Okawaru
Qazlal
Ru
Trog
Vehumet
Yredelemnul
Zin
The Shining One
Jiyva

Shops:
D:3 :   D:4 ?   Orc:2 *[=([   Elf:1 :==   Elf:3 ((*=   Shoals:3 [   Snake:3 (
Snake:4 =   Vaults:1 *   Vaults:2 *   Vaults:3 [   Vaults:4 :

Portals:
Hell: Depths:1 Depths:2 Depths:3 Depths:4
Abyss: Depths:1 Depths:2 Depths:3 Depths:4
Pandemonium: Depths:1 Depths:2 Depths:3
Ziggurat: Depths:1

Annotations:
Snake:3 1 runed translucent door, Anno's ghost, adept NaIE
Slime:5 Royal Jelly
Elf:2 5 runed translucent doors
Vaults:3 1 runed translucent door, Luiw's ghost, veteran HOBe
Depths:1 1 runed translucent door


Innate Abilities, Weirdness & Mutations

You are a living statue of rough stone.
Your actions are slow, but your melee attacks are powerful.
You are resistant to unholy torment.
Your maximum health is greatly increased.
Your equipment is partially melded.
You are amphibious.
You are immune to poison.
((You cover ground slowly.))
You can hop long distances.
You have an extended range of vision and can be seen from far away.
You have very sharp teeth.
You possess an exceptional clarity of mind.
Your mind is acute. (Int +4, Str/Dex -1)
Your flesh is cold resistant. (rC+)
You are frail. (-10% HP)
You are resistant to electric shocks. (rElec)
You have a small jelly attached to you that senses nearby items.
Your movements are slightly less encumbered by armour. (ER -2)


Message History

You barely miss the demonspawn warmonger.
You bite the demonspawn warmonger.
The demonspawn warmonger is moderately wounded.
The walls burn the demonspawn warmonger!
You block the demonspawn warmonger's attack.
The demonspawn warmonger claws you but does no damage.
The demonspawn warmonger gores you but does no damage.
You pummel the demonspawn warmonger!! You bite the demonspawn warmonger.
The demonspawn warmonger is severely wounded.
The walls burn the demonspawn warmonger!
You block the demonspawn warmonger's attack.
The demonspawn warmonger claws you but does no damage.
The demonspawn warmonger gores you but does no damage.
Unknown command.
You barely miss the demonspawn warmonger.
Your bite misses the demonspawn warmonger.
The demonspawn warmonger is almost dead.
The walls burn the demonspawn warmonger!
The demonspawn warmonger hits you but does no damage.
The demonspawn warmonger claws you.
The demonspawn warmonger gores you but does no damage.
You pummel the demonspawn warmonger!!
You kill the demonspawn warmonger!
No target in view!
No target in view!
Jiyva says: Divide and consume!
You stop calling forth ooze.
HP restored.
You hear a distant slurping noise.
Your magic seems less tainted.
You hear a distant slurping noise.
You hear a distant slurping noise.
There is a stone staircase leading up here.
You climb upwards.
There is a stone staircase leading down here.
Unknown command.
As you open the door, it creaks loudly!
There is an open door here.
There is a staircase leading out of the dungeon here.
You have escaped!

#####...# #.#####.....>#
#.....#'#####'# ####.###
#.....#≈...≈.≈# #.#
####.....#P..≈..≈# #.#
.........#~~~.~P~# #.#
.#..>....#.P..~~~# #.#
...#.....#P≈~.~P~########.#
#.##.....#≈~..####......#.####
#.##..####~≈PP..8#.......)...#
#.##.## #########.......)...#
#.#..#############...........#
.............................#
#..##########................#
#..# #....#...........# #.##
##....#...###...#.# #.#
#.....#...# #.#.#.# #.#
######.....##### #.#.#.#


There were no monsters in sight!

Vanquished Creatures
  5 dread liches
  3 ancient liches
  5 orbs of fire (Zot:5)
  Mennas (Depths:4)
  Vv (Depths:4)
  3 Killer Klowns (Zot:5)
  Margery (Vaults:4)
  2 curse toes
  Frederick (Vaults:3)
  Xtahua (Depths:3)
  Vashnia (Snake:2)
  10 golden dragons
  the Enchantress (Depths:2)
  Jory (Vaults:3)
  Nikola (Vaults:1)
  A bone dragon (Abyss:3)
  The ghost of Shayle the Skinwalker, an adept HuSh of Ru (Elf:3)
  A Brimstone Fiend (Depths:2)
  2 doom hounds (Zot:3)
  2 electric golems (Zot:5)
  19 tentacled monstrosities
  4 walking crystal tomes (Zot:4)
  Mlioglotl (Snake:3)
  An Ice Fiend (Zot:4)
  5 liches
  A Hell Sentinel (WizLab)
  32 Orb Guardians
  A walking frostbound tome (Zot:4)
  Asterion (Vaults:3)
  4 deep elf master archers (Elf:3)
  9 quicksilver dragons
  Grunn (Zot:3)
  8 titans
  An Executioner (Depths:4)
  2 deep elf blademasters (Elf:3)
  5 tentacled starspawn (Abyss:3)
  6 sphinxes
  6 death cobs
  Agnes (D:15)
  9 shadow dragons
  9 storm dragons
  5 tengu reavers
  10 draconian monks
  Roxanne (D:15)
  Donald (Shoals:1)
  Aizul (Snake:2)
  8 nagarajas
  6 fire giants
  2 demonspawn warmongers (D:2)
  4 narguns (Zot:4)
  9 draconian knights
  10 frost giants
  13 vault wardens
  10 deep elf sorcerers
  6 deep elf elementalists (Elf:3)
  3 draconian scorchers
  An iron dragon (Vaults:5)
  5 ghost moths
  Louise (Snake:4)
  A balrug (WizLab)
  4 spectral caustic shrikes (Depths:4)
  4 draconian shifters
  4 war gargoyles
  3 orc warlords
  3 spriggan defenders (Depths:2)
  A reaper (D:2)
  3 draconian annihilators
  17 very ugly things
  11 ironbound thunderhulks
  10 green draconians
  4 draconian stormcallers
  16 ironbound preservers
  3 cacodemons
  11 deep elf demonologists
  2 vampire knights
  17 stone giants
  12 black draconians
  2 lorocyprocas
  4 eleionomae (Depths:2)
  12 dire elephants
  8 deep elf annihilators
  9 yellow draconians
  9 spark wasps
  16 white draconians
  Azrael (D:12)
  5 purple draconians
  7 red draconians
  A minotaur (Gauntlet)
  4 deep elf death magi (Elf:3)
  11 merfolk javelineers
  Josephine (D:10)
  A blizzard demon (Depths:3)
  12 ettins
  9 merfolk impalers
  6 fire dragons
  4 entropy weavers
  A crystal guardian (Vaults:4)
  12 yaktaur captains
  8 ice dragons
  Erolcha (Orc:2)
  10 deep elf high priests
  4 rakshasas
  A hell beast (Depths:2)
  3 spriggan air magi
  28 vault guards
  3 hydras
  3 salamander tyrants (Snake:4)
  5 ironbound frosthearts
  5 peacekeepers
  17 anacondas
  7 centaur warriors
  A death knight (D:14)
  A merfolk avatar (Lair:5)
  4 merfolk aquamancers
  5 boulder beetles
  14 naga warriors
  3 satyrs (Depths:2)
  2 alligator snapping turtles
  11 deep troll shamans
  4 two-headed ogres
  6 thrashing horrors
  10 deep troll earth magi
  3 orc high priests
  20 naga sharpshooters
  12 dancing weapons
  Urug (Orc:2)
  4 shock serpents
  12 tengu warriors
  11 deep elf knights
  A titan skeleton (Depths:3)
  3 sixfirhies
  9 skysharks
  2 soul eaters
  6 spriggan berserkers
  3 sun demons
  3 wretched stars (Abyss:3)
  6 spriggans (Depths:2)
  Sonja (Lair:4)
  9 hell knights
  Nergalle (D:12)
  A salamander mystic (Snake:4)
  The ghost of lonewolfV2 the Cleaver, a novice FoFi of Gozag (D:7)
  Lodul (D:10)
  14 iron trolls
  10 skeletal warriors
  4 sea snakes
  51 deep trolls
  3 shadow demons
  7 naga ritualists
  10 starcursed masses (Abyss:3)
  7 phantasmal warriors
  10 deep elf archers
  26 wizards
  11 lindwurms
  5 orc sorcerers
  5 necromancers
  39 ugly things
  25 harpies
  13 mana vipers
  14 ironbound convokers
  26 deep elf pyromancers
  15 deep elf zephyrmancers
  An oklob plant (Snake:4)
  5 orc knights
  13 fauns
  A frost giant zombie (Depths:3)
  A wolf spider (shapeshifter) (Elf:2)
  A worldbinder (Abyss:3)
  7 salamanders
  17 manticores
  19 moths of wrath
  A will-o-the-wisp (Abyss:3)
  A toenail golem (Volcano)
  6 merfolk sirens
  5 cyclopes
  A salamander (shapeshifter) (D:14)
  3 ice statues
  37 black mambas
  Joseph (D:10)
  13 naga magi
  4 elephants
  A rust devil (Depths:2)
  15 vault sentinels
  2 molten gargoyles (Volcano)
  A torpor snail (Lair:5)
  12 guardian serpents
  5 water nymphs
  4 smoke demons
  4 orange demons
  A black mamba (shapeshifter) (Abyss:3)
  A gargoyle (D:12)
  9 cane toads
  A kobold demonologist (D:12)
  A hellion (D:15)
  4 rime drakes
  8 komodo dragons
  16 ice devils
  Psyche (D:10)
  3 efreet (Volcano)
  31 yaktaurs
  A yaktaur (shapeshifter) (D:15)
  12 freezing wraiths
  4 unseen horrors
  2 tormentors
  3 anaconda simulacra (IceCv)
  4 tengu conjurers
  A polar bear (Lair:5)
  3 ancient zymes (Abyss:3)
  27 merfolk
  4 trolls
  15 wind drakes
  A tarantella (Vaults:1)
  9 hornets
  4 raiju (Abyss:3)
  4 dream sheep (Shoals:1)
  19 blink frogs
  4 snapping turtles
  2 flying skulls (Abyss:3)
  4 dire elephant simulacra (IceCv)
  4 large abominations (Abyss:3)
  6 ynoxinuls
  7 wraiths
  28 water elementals
  A culicivora (Vaults:4)
  9 wyverns
  13 air elementals
  9 fire elementals
  44 yaks
  4 chaos spawn
  3 fire bats (Gauntlet)
  A steam dragon (Lair:5)
  7 neqoxecs
  3 basilisks
  10 redbacks
  8 vampire mosquitoes
  A death yak simulacrum (Lair:5)
  31 nagas
  2 wargs
  2 acid dragons
  9 hell hounds
  12 water moccasins
  A water moccasin (shapeshifter) (D:13)
  A glowing shapeshifter zombie (Depths:3)
  39 orc warriors
  A glowing shapeshifter skeleton (Depths:3)
  A sky beast (D:7)
  A black bear (Lair:3)
  8 ice beasts
  11 centaurs
  12 ogres
  2 boggarts
  26 wolves
  5 small abominations
  A phantom (D:7)
  4 earth elementals
  17 bullfrogs
  A gnoll sergeant (D:10)
  2 scorpions
  A two-headed ogre simulacrum (IceCv)
  3 cane toad simulacra
  4 wights (D:9)
  6 elephant simulacra (IceCv)
  14 killer bees
  2 jellies
  An electric eel (Lair:2)
  10 howler monkeys
  A crimson imp (D:8)
  A quasit (Abyss:3)
  A hound (D:5)
  Crazy Yiuf (D:7)
  20 orc priests
  A gnoll bouda (D:7)
  27 orc wizards
  An iguana (D:4)
  A sleepcap (D:5)
  6 polar bear simulacra
  A troll simulacrum (IceCv)
  7 wolf simulacra (IceCv)
  Robin (D:4)
  6 gnolls
  3 adders
  3 naga simulacra (IceCv)
  A shadow imp (D:7)
  A white imp (IceCv)
  4 worms
  5 dart slugs
  66 orcs
  7 ball pythons
  An endoplasm (D:2)
  2 giant cockroaches
  16 goblins
  11 hobgoblins
  2 jackals (D:4)
  2 quokkas
  2 frilled lizards
  9 kobolds
  A rat (D:3)
  6 starspawn tentacles (Abyss:3)
2073 creatures vanquished.

Vanquished Creatures (others)
  A titan (Depths:4)
  Kirke (D:15)
  An azure jelly (Depths:4)
  A formless jellyfish (Vaults:3)
  An ironbound preserver (Vaults:5)
  A black draconian (Zot:4)
  A great orb of eyes (shapeshifter) (Vaults:5)
  A yaktaur captain (Vaults:3)
  A great orb of eyes (Vaults:4)
  2 vault guards (Vaults:5)
  A satyr (shapeshifter) (Vaults:5)
  A spriggan (Depths:2)
  A deep elf knight (Elf:3)
  4 glowing orange brains (Abyss:3)
  A deep troll (shapeshifter) (Vaults:5)
  A swamp dragon (shapeshifter) (D:15)
  4 deep trolls
  3 ironbound convokers (Vaults:2)
  A deep elf pyromancer (Elf:3)
  A necromancer (D:15)
  A manticore (D:13)
  A faun (Shoals:2)
  2 shining eyes (Abyss:3)
  A moth of wrath (Zot:4)
  A moth of wrath (shapeshifter) (Elf:2)
  A hellion (Depths:2)
  A rime drake (Lair:5)
  A kobold demonologist (D:12)
  A large abomination (Abyss:3)
  A hornet (Depths:2)
  24 slime creatures
  2 culicivoras (shapeshifter)
  A ynoxinul (Abyss:3)
  2 culicivoras (Vaults:3)
  2 hogs (D:15)
  A yak (D:12)
  3 golden eyes (Abyss:3)
  2 water elementals (Shoals:4)
  A redback (Vaults:3)
  2 nagas (Snake:4)
  2 water moccasins
  A floating eye (Abyss:3)
  A black bear (D:4)
  4 centaurs
  2 small abominations (Abyss:3)
  A kobold brigand (D:6)
  2 scorpions
  A gnoll sergeant (D:9)
  2 killer bees (D:11)
  352 jellies
  A hound (D:5)
  An iguana (D:5)
  An adder (D:6)
  A gnoll (D:9)
  A dart slug (D:4)
  13 orcs
  5 goblins (D:4)
  A jackal (D:4)
  8 kobolds
  4 foxfires (Abyss:3)
  12 starspawn tentacles (Abyss:3)
496 creatures vanquished.

Grand Total: 2569 creatures vanquished

Notes
Turn   | Place    | Note
-------+----------+-------------------------------------------
     0 | D:1      | tabstorm the Barachi Monk began the quest for the Orb.
     0 | D:1      | Reached XP level 1. HP: 18/18 MP: 1/1
   201 | D:1      | Reached XP level 2. HP: 19/24 MP: 2/2
   886 | D:2      | Found a burning altar of Makhleb.
  1032 | D:2      | Found a faded altar of an unknown god.
  1056 | D:2      | Prayed at the altar of an unknown god.
  1056 | D:2      | Became a worshipper of Jiyva Jasiely the Shapeless
  1056 | D:2      | Reached * piety under Jiyva
  1056 | D:2      | Reached ** piety under Jiyva
  1136 | D:2      | Reached *** piety under Jiyva
  1146 | D:2      | Gained mutation: You are partially covered in iridescent
                  | scales. (AC +2) [Jiyva's grace]
  1146 | D:2      | Gained mutation: You are mostly covered in iridescent
                  | scales. (AC +4) [Jiyva's grace]
  1146 | D:2      | Gained mutation: You are completely covered in iridescent
                  | scales. (AC +6) [Jiyva's grace]
  1146 | D:2      | Gained mutation: Your muscles are strong. (Str +4, Int/Dex
                  | -1) [Jiyva's grace]
  1167 | D:2      | Reached XP level 3. HP: 29/29 MP: 3/3
  1620 | D:3      | Reached skill level 5 in Axes
  1695 | D:3      | Identified the +0 leather armour of Xeogodin {Fly rElec rF-
                  | Int+2}
  1803 | D:3      | Reached **** piety under Jiyva
  1831 | D:3      | Reached XP level 4. HP: 28/36 MP: 4/4
  1858 | D:3      | Found a sparkling altar of Nemelex Xobeh.
  1877 | D:3      | Found Luhoa's Book Boutique.
  1877 | D:3      | Noticed a walking crystal tome
  1878 | D:3      | Noticed a walking earthen tome
  2063 | D:4      | Found Zosa's Magic Scroll Emporium.
  2069 | D:4      | Bought a scroll of enchant weapon for 97 gold pieces
  2274 | D:4      | Noticed a scorpion
  2288 | D:4      | Killed a scorpion
  2289 | D:4      | Reached XP level 5. HP: 41/41 MP: 5/5
  2388 | D:4      | Lost mutation: You are completely covered in iridescent
                  | scales. (AC +6) [Jiyva's grace]
  2388 | D:4      | Lost mutation: Your muscles are strong. (Str +4, Int/Dex
                  | -1) [Jiyva's grace]
  2388 | D:4      | Gained mutation: You have a small jelly attached to you
                  | that senses nearby items. [Jiyva's grace]
  2388 | D:4      | Gained mutation: Your rubbery body absorbs attacks. (AC +1,
                  | EV +1) [Jiyva's grace]
  2388 | D:4      | Gained mutation: Your pliable body absorbs attacks. (AC +2,
                  | EV +2) [Jiyva's grace]
  2388 | D:4      | Gained mutation: Your gelatinous body deflects attacks. (AC
                  | +3, EV +3) [Jiyva's grace]
  2493 | D:4      | Killed a black bear
  2575 | D:4      | Noticed Robin
  2613 | D:4      | Killed Robin
  2725 | D:4      | Found a glowing golden altar of the Shining One.
  2787 | D:5      | Entered Level 5 of the Dungeon
  2825 | D:5      | Reached XP level 6. HP: 45/47 MP: 6/6
  2869 | D:5      | Noticed an ice beast
  2877 | D:5      | Slimified an ice beast
  2877 | D:5      | an ice beast changed into a slime creature
  2877 | D:5      | Noticed a slime creature
  2923 | D:5      | Found a staircase to the Ecumenical Temple.
  2933 | D:5      | Reached skill level 5 in Fighting
  2943 | D:5      | Noticed a water moccasin
  2945 | D:5      | Reached XP level 7. HP: 57/57 MP: 4/7
  2957 | D:5      | whoa
  2957 | D:5      | nuJiyva STRONG
  3722 | D:6      | Reached XP level 8. HP: 69/69 MP: 8/8
  4096 | D:7      | Reached ***** piety under Jiyva
  4104 | D:7      | Noticed lonewolfV2's ghost (novice FoFi)
  4134 | D:7      | Found an iron altar of Okawaru.
  4138 | D:7      | Noticed a yak
  4166 | D:7      | Killed a yak
  4167 | D:7      | Reached skill level 10 in Fighting
  4270 | D:7      | Noticed a yak
  4280 | D:7      | Noticed a yak
  4280 | D:7      | Noticed a yak
  4290 | D:7      | Killed a yak
  4290 | D:7      | Killed a yak
  4291 | D:7      | Killed a yak
  4292 | D:7      | Reached XP level 9. HP: 69/78 MP: 6/9
  4302 | D:7      | Lost mutation: Your gelatinous body deflects attacks. (AC
                  | +3, EV +3) [Jiyva's grace]
  4302 | D:7      | Lost mutation: You have a small jelly attached to you that
                  | senses nearby items. [Jiyva's grace]
  4302 | D:7      | Gained mutation: Your translucent skin slightly reduces
                  | your foes' accuracy. (Stealth+) [Jiyva's grace]
  4302 | D:7      | Gained mutation: Your translucent skin reduces your foes'
                  | accuracy. (Stealth+) [Jiyva's grace]
  4302 | D:7      | Gained mutation: Your transparent skin significantly
                  | reduces your foes' accuracy. (Stealth+) [Jiyva's grace]
  4302 | D:7      | Gained mutation: You have a small jelly attached to you
                  | that may absorb projectiles. [Jiyva's grace]
  4382 | D:7      | Found a runed translucent door.
  4383 | D:7      | Noticed Crazy Yiuf
  4391 | D:7      | Killed Crazy Yiuf
  4414 | D:7      | Found a transporter.
  4432 | D:7      | Found a transporter.
  4441 | D:7      | Found the +3 Mad Mage's Maulers {Infuse+∞ VampMP -Cast}
  4580 | D:8      | Reached skill level 10 in Axes
  4737 | D:8      | Noticed a rime drake
  4757 | D:8      | Killed a rime drake
  4836 | D:8      | Found a staircase to the Lair.
  4911 | D:8      | Reached XP level 10. HP: 85/85 MP: 3/10
  4949 | D:8      | Found a burning altar of Makhleb.
  4950 | D:8      | Found a radiant altar of Vehumet.
  5269 | D:8      | Found a glowing silver altar of Zin.
  5538 | D:8      | Found an opulent altar of Gozag.
  5781 | D:9      | Noticed an unseen horror
  5786 | D:9      | Killed an unseen horror
  5909 | D:9      | Reached skill level 5 in Unarmed Combat
  6032 | D:9      | Lost mutation: You are mostly covered in iridescent scales.
                  | (AC +4) [Jiyva's grace]
  6032 | D:9      | Lost mutation: You are partially covered in iridescent
                  | scales. (AC +2) [Jiyva's grace]
  6032 | D:9      | Lost mutation: Your pliable body absorbs attacks. (AC +2,
                  | EV +2) [Jiyva's grace]
  6032 | D:9      | Lost mutation: Your transparent skin significantly reduces
                  | your foes' accuracy. (Stealth+) [Jiyva's grace]
  6032 | D:9      | Gained mutation: You have a pair of small antennae on your
                  | head. [Jiyva's grace]
  6032 | D:9      | Gained mutation: You have a pair of antennae on your head.
                  | [Jiyva's grace]
  6032 | D:9      | Gained mutation: You have a pair of large antennae on your
                  | head. (SInv) [Jiyva's grace]
  6032 | D:9      | Gained mutation: You have a small jelly attached to you
                  | that senses nearby items. [Jiyva's grace]
  6161 | D:9      | Found an ancient bone altar of Kikubaaqudgha.
  6291 | D:9      | You fall into a shaft and drop 2 floors!
  6391 | D:11     | Reached skill level 10 in Unarmed Combat
  6448 | D:11     | Identified the +8 quarterstaff of Turulief {vamp, Fragile
                  | rPois Str+2 Stlth+}
  6485 | D:11     | Noticed a two-headed ogre
  6504 | D:11     | Killed a two-headed ogre
  6505 | D:11     | Reached XP level 11. HP: 75/90 MP: 1/11
  6531 | D:11     | Found a gate leading to a gauntlet.
  6541 | Gauntlet | Entered a Gauntlet
  6541 | Gauntlet | Noticed a fire crab
  6541 | Gauntlet | Noticed an oklob plant
  6541 | Gauntlet | Found a transporter.
  6541 | Gauntlet | Found a transporter.
  6542 | Gauntlet | Found a transporter.
  6542 | Gauntlet | Found a transporter.
  6542 | Gauntlet | Reached ****** piety under Jiyva
  6544 | Gauntlet | Found a transporter.
  6544 | Gauntlet | Found a transporter.
  6553 | Gauntlet | Noticed a moth of wrath
  6555 | Gauntlet | Found a transporter.
  6559 | Gauntlet | Found a transporter.
  6559 | Gauntlet | Found a transporter.
  6562 | Gauntlet | Noticed a thrashing horror
  6565 | Gauntlet | Noticed a thrashing horror
  6571 | Gauntlet | Found a transporter.
  6574 | Gauntlet | Found a transporter.
  6578 | Gauntlet | Noticed a cacodemon
  6601 | Gauntlet | Found a transporter.
  6657 | Gauntlet | Slimified a fire crab
  6657 | Gauntlet | a fire crab changed into a slime creature
  6662 | Gauntlet | Identified the +0 helmet of the Tarantula {rF+}
  6700 | Gauntlet | Killed a moth of wrath
  6730 | Gauntlet | Killed a thrashing horror
  6733 | Gauntlet | Killed a thrashing horror
  6737 | Gauntlet | Reached skill level 15 in Unarmed Combat
  6766 | Gauntlet | Noticed a minotaur
  6777 | Gauntlet | Killed a minotaur
  6791 | Gauntlet | Got a mumbling book
  6882 | D:11     | we take it
  7062 | D:11     | Reached skill level 1 in Shapeshifting
  7169 | D:10     | Entered Level 10 of the Dungeon
  7169 | D:10     | Noticed Lodul
  7261 | D:10     | Noticed a two-headed ogre
  7300 | D:10     | Killed Lodul
  7377 | D:10     | Noticed Psyche
  7395 | D:10     | Killed Psyche
  7396 | D:10     | Reached skill level 5 in Shapeshifting
  7445 | D:10     | Lost mutation: You have a pair of large antennae on your
                  | head. (SInv) [Jiyva's grace]
  7445 | D:10     | Lost mutation: You have a pair of antennae on your head.
                  | [Jiyva's grace]
  7445 | D:10     | Lost mutation: Your rubbery body absorbs attacks. (AC +1,
                  | EV +1) [Jiyva's grace]
  7445 | D:10     | Gained mutation: Your body has grown eyes which may confuse
                  | attackers. (Acc +3) [Jiyva's grace]
  7445 | D:10     | Gained mutation: Your body has grown many eyes which may
                  | confuse attackers. (Acc +5) [Jiyva's grace]
  7445 | D:10     | Gained mutation: Your body is covered in eyes which may
                  | confuse attackers. (Acc +7, SInv) [Jiyva's grace]
  7445 | D:10     | Gained mutation: You have hidden genetic potential.
                  | [Jiyva's grace]
  7471 | D:10     | Killed a two-headed ogre
  7553 | D:10     | Noticed Joseph
  7560 | D:10     | Killed Joseph
  7561 | D:10     | Reached XP level 12. HP: 97/97 MP: 2/12
  7662 | D:10     | Noticed Josephine
  7684 | D:10     | Killed Josephine
  8048 | D:10     | Found a shadowy altar of Dithmenos.
  8049 | D:10     | Found a bloodstained altar of Trog.
  8185 | D:9      | Found a staircase to the Orcish Mines.
  8515 | D:8      | Found a hazy altar of Hepliaklqana.
  8588 | Lair:1   | Entered Level 1 of the Lair of Beasts
  8929 | Lair:1   | Reached skill level 10 in Shapeshifting
  8935 | Lair:1   | Gained mutation: You have large cloven feet. [hidden
                  | potential]
  9521 | Lair:2   | Lost mutation: Your translucent skin reduces your foes'
                  | accuracy. (Stealth+) [Jiyva's grace]
  9521 | Lair:2   | Gained mutation: You are robust. (+10% HP) [Jiyva's grace]
  9521 | Lair:2   | Gained mutation: You are very robust. (+20% HP) [Jiyva's
                  | grace]
  9521 | Lair:2   | Gained mutation: You are extremely robust. (+30% HP)
                  | [Jiyva's grace]
  9521 | Lair:2   | Gained mutation: You have hoof-like feet. [Jiyva's grace]
  9946 | Lair:2   | Gained mutation: You can hop long distances. [Barachi
                  | growth]
  9946 | Lair:2   | Reached XP level 13. HP: 133/133 MP: 0/13
 10665 | Lair:3   | Found a staircase to the Snake Pit.
 10723 | Lair:3   | Gained mutation: You have great hidden genetic potential.
                  | [Jiyva's grace]
 10723 | Lair:3   | Gained mutation: You are partially covered in iridescent
                  | scales. (AC +2) [Jiyva's grace]
 10723 | Lair:3   | Gained mutation: You are mostly covered in iridescent
                  | scales. (AC +4) [Jiyva's grace]
 10723 | Lair:3   | Gained mutation: You are completely covered in iridescent
                  | scales. (AC +6) [Jiyva's grace]
 10751 | Lair:3   | Found a staircase to the Shoals.
 11476 | Lair:4   | Found a staircase to the Slime Pits.
 11606 | Lair:4   | Got a ragged book
 11708 | Lair:4   | Identified the +0 plate armour of the Skiapode {rElec rPois
                  | Regen+}
 11823 | Lair:4   | Noticed Sonja
 11829 | Lair:4   | Killed Sonja
 12194 | Slime:1  | Entered Level 1 of the Pits of Slime
 12194 | Slime:1  | Noticed an azure jelly
 12205 | Slime:2  | Noticed an azure jelly
 12208 | Slime:2  | Noticed a rockslime
 12211 | Slime:3  | Noticed an azure jelly
 12211 | Slime:3  | Noticed an azure jelly
 12215 | Slime:4  | Noticed an azure jelly
 12232 | Slime:4  | Noticed a formless jellyfish
 12232 | Slime:4  | Noticed a formless jellyfish
 12233 | Slime:4  | Noticed a rockslime
 12244 | Slime:4  | Noticed an azure jelly
 12244 | Slime:4  | Noticed a formless jellyfish
 12245 | Slime:4  | Noticed a formless jellyfish
 12248 | Slime:4  | Noticed an azure jelly
 12251 | Slime:5  | Entered Level 5 of the Pits of Slime
 12251 | Slime:5  | Noticed an acid blob
 12251 | Slime:5  | Found the +5 demon whip "Spellbinder" {antimagic, disrupt,
                  | Will+}
 12260 | Slime:5  | Noticed a quicksilver ooze
 12261 | Slime:5  | Noticed an azure jelly
 12266 | Slime:5  | Got a slimy rune of Zot
 12272 | Slime:5  | Noticed an acid blob
 12277 | Slime:5  | Identified the +4 scale mail "Kuliz" {rC+ Dex+2}
 12284 | Slime:5  | Found a viscous altar of Jiyva.
 12284 | Slime:5  | Noticed an azure jelly
 12290 | Slime:5  | Noticed the Royal Jelly
 12293 | Slime:5  | Noticed a quicksilver ooze
 12293 | Slime:5  | Noticed an acid blob
 12293 | Slime:5  | Noticed a great orb of eyes
 12298 | Slime:5  | Identified the +8 sling of Greed {freeze, Str-3 Dex+5 SInv
                  | Stlth+}
 12319 | Slime:5  | Noticed an acid blob
 12328 | Slime:5  | Noticed an azure jelly
 12330 | Slime:5  | Noticed a quicksilver ooze
 12345 | Slime:5  | Got a curling book
 12375 | Slime:4  | Noticed a formless jellyfish
 12442 | Lair:5   | Entered Level 5 of the Lair of Beasts
 12458 | Lair:5   | Reached skill level 1 in Armour
 12468 | Lair:5   | Reached skill level 5 in Dodging
 12532 | Lair:5   | Reached XP level 14. HP: 153/153 MP: 1/14
 12713 | Lair:5   | Gained mutation: Your muscles are strong. (Str +4, Int/Dex
                  | -1) [hidden potential]
 12713 | Lair:5   | Lost mutation: You have great hidden genetic potential.
                  | [hidden potential expressed]
 12733 | Lair:5   | Found a frozen archway.
 12757 | IceCv    | Entered an ice cave
 12870 | IceCv    | Lost mutation: You have a pair of small antennae on your
                  | head. [Jiyva's grace]
 12870 | IceCv    | Lost mutation: You are completely covered in iridescent
                  | scales. (AC +6) [Jiyva's grace]
 12870 | IceCv    | Lost mutation: Your muscles are strong. (Str +4, Int/Dex
                  | -1) [Jiyva's grace]
 12870 | IceCv    | Lost mutation: Your body is covered in eyes which may
                  | confuse attackers. (Acc +7, SInv) [Jiyva's grace]
 12870 | IceCv    | Lost mutation: Your body has grown many eyes which may
                  | confuse attackers. (Acc +5) [Jiyva's grace]
 12870 | IceCv    | Lost mutation: Your translucent skin slightly reduces your
                  | foes' accuracy. (Stealth+) [Jiyva's grace]
 12870 | IceCv    | Gained mutation: You have hooves in place of feet. [Jiyva's
                  | grace]
 12870 | IceCv    | Gained mutation: Your translucent skin slightly reduces
                  | your foes' accuracy. (Stealth+) [Jiyva's grace]
 12870 | IceCv    | Gained mutation: Your translucent skin reduces your foes'
                  | accuracy. (Stealth+) [Jiyva's grace]
 12870 | IceCv    | Gained mutation: Your transparent skin significantly
                  | reduces your foes' accuracy. (Stealth+) [Jiyva's grace]
 12968 | IceCv    | Reached skill level 5 in Armour
 13100 | IceCv    | Found the +8 frozen axe "Frostbite" {freeze, freezing
                  | cloud, *Noise Fly rC+}
 13175 | IceCv    | Found an ancient bone altar of Kikubaaqudgha.
 13423 | Lair:5   | Found a bloodstained altar of Trog.
 13449 | Lair:5   | Identified the +1 trident "Inilasm" {flame, rElec Stlth+}
 13886 | Orc:1    | Entered Level 1 of the Orcish Mines
 13929 | Orc:1    | Found a dark tunnel.
 14018 | Orc:1    | Noticed an orc warlord
 14047 | Orc:1    | Killed an orc warlord
 14095 | Volcano  | Entered a volcano
 14761 | Orc:2    | Entered Level 2 of the Orcish Mines
 14841 | Orc:2    | Noticed Erolcha
 14843 | Orc:2    | Noticed an orc warlord
 15017 | Orc:2    | Noticed Urug
 15036 | Orc:2    | Killed an orc warlord
 15037 | Orc:2    | Reached XP level 15. HP: 78/165 MP: 0/15
 15040 | Orc:2    | Killed Urug
 15143 | Orc:2    | Reached skill level 15 in Fighting
 15164 | Orc:2    | Noticed an orc warlord
 15186 | Orc:2    | Killed an orc warlord
 15247 | Orc:2    | Found Ydai's General Store.
 15261 | Orc:2    | Found Olucos's Jewellery Shop.
 15288 | Orc:2    | Killed Erolcha
 15309 | Orc:2    | Found Nicuron's Antique Weapon Shop.
 15327 | Orc:2    | Gained mutation: Your flesh is cold resistant. (rC+)
                  | [hidden potential]
 15379 | Orc:2    | Found Ryfricuc's Antique Armour Shop.
 15386 | Orc:2    | Bought a pair of glowing gloves for 195 gold pieces
 15469 | Orc:2    | Bought the ring of Kailukol {rPois EV+5 Int+6} for 897 gold
                  | pieces
 15479 | Orc:2    | Bought a ring of protection from fire for 375 gold pieces
 15599 | Orc:2    | Found a radiant altar of Vehumet.
 15673 | Orc:2    | Found a staircase to the Elven Halls.
 15685 | Orc:2    | Found Eciazic's Armour Shoppe.
 15693 | Orc:2    | Lost mutation: You are extremely robust. (+30% HP) [Jiyva's
                  | grace]
 15693 | Orc:2    | Lost mutation: You are very robust. (+20% HP) [Jiyva's
                  | grace]
 15693 | Orc:2    | Lost mutation: Your body has grown eyes which may confuse
                  | attackers. (Acc +3) [Jiyva's grace]
 15693 | Orc:2    | Lost mutation: You have hidden genetic potential. [Jiyva's
                  | grace]
 15693 | Orc:2    | Lost mutation: You have a small jelly attached to you that
                  | senses nearby items. [Jiyva's grace]
 15693 | Orc:2    | Gained mutation: Armour fits poorly on your pseudopods.
                  | [Jiyva's grace]
 15693 | Orc:2    | Gained mutation: Armour fits poorly on your large
                  | pseudopods. [Jiyva's grace]
 15693 | Orc:2    | Gained mutation: Armour fits poorly on your massive
                  | pseudopods. [Jiyva's grace]
 15693 | Orc:2    | Gained mutation: Your body has grown eyes which may confuse
                  | attackers. (Acc +3) [Jiyva's grace]
 15974 | D:4      | Bought a scroll of identify for 26 gold pieces
 15974 | D:4      | Bought a scroll of identify for 26 gold pieces
 15974 | D:4      | Bought a scroll of teleportation for 39 gold pieces
 15974 | D:4      | Bought a scroll of teleportation for 39 gold pieces
 15974 | D:4      | Bought a scroll of identify for 26 gold pieces
 15990 | D:4      | Identified a scroll of acquirement
 15990 | D:4      | Acquired 930 gold pieces
 16269 | D:7      | Killed lonewolfV2's ghost
 16270 | D:7      | Reached skill level 15 in Shapeshifting
 16530 | D:12     | Noticed Azrael
 16545 | D:12     | Killed Azrael
 17022 | D:12     | Noticed Nergalle
 17033 | D:12     | Killed Nergalle
 17210 | D:13     | Found a gate to the Vaults.
 17303 | D:13     | Reached skill level 10 in Dodging
 17423 | D:13     | Lost mutation: You have hooves in place of feet. [Jiyva's
                  | grace]
 17423 | D:13     | Lost mutation: You are mostly covered in iridescent scales.
                  | (AC +4) [Jiyva's grace]
 17423 | D:13     | Lost mutation: Your flesh is cold resistant. (rC+) [Jiyva's
                  | grace]
 17423 | D:13     | Lost mutation: You are robust. (+10% HP) [Jiyva's grace]
 17423 | D:13     | Lost mutation: Your body has grown eyes which may confuse
                  | attackers. (Acc +3) [Jiyva's grace]
 17423 | D:13     | Lost mutation: Your transparent skin significantly reduces
                  | your foes' accuracy. (Stealth+) [Jiyva's grace]
 17423 | D:13     | Lost mutation: Your translucent skin reduces your foes'
                  | accuracy. (Stealth+) [Jiyva's grace]
 17423 | D:13     | Gained mutation: Your muscles are strong. (Str +4, Int/Dex
                  | -1) [Jiyva's grace]
 17423 | D:13     | Gained mutation: Your muscles are very strong. (Str +8,
                  | Int/Dex -2) [Jiyva's grace]
 17423 | D:13     | Gained mutation: Your natural rate of healing is unusually
                  | fast. [Jiyva's grace]
 17423 | D:13     | Gained mutation: You heal very quickly. [Jiyva's grace]
 17467 | D:13     | Identified the +1 orcbow of Qinekhoumm {drain, rF+ Int-5
                  | Dex+2}
 18306 | D:15     | Entered Level 15 of the Dungeon
 18448 | D:15     | Reached XP level 16. HP: 134/139 MP: 5/16
 18497 | D:15     | Killed Kirke
 18671 | D:15     | Noticed Agnes
 18675 | D:15     | Killed Agnes
 18984 | D:15     | Noticed Roxanne
 18994 | D:15     | Killed Roxanne
 19196 | D:15     | Found a staircase to the Depths.
 19497 | D:15     | Learned a level 1 spell: Apportation
 19500 | D:15     | Learned a level 2 spell: Wereblood
 19509 | D:15     | Upgraded the game from 0.31-a0-881-ge136f0c47a to
                  | 0.31-a0-889-g1a8549509d
 19753 | Snake:1  | Entered Level 1 of the Snake Pit
 19982 | Snake:1  | Lost mutation: You heal very quickly. [Jiyva's grace]
 19982 | Snake:1  | Lost mutation: Your muscles are very strong. (Str +8,
                  | Int/Dex -2) [Jiyva's grace]
 19982 | Snake:1  | Gained mutation: You have a pair of small horns on your
                  | head. [Jiyva's grace]
 19982 | Snake:1  | Gained mutation: You have a pair of horns on your head.
                  | [Jiyva's grace]
 19982 | Snake:1  | Gained mutation: You have a pair of large horns on your
                  | head. [Jiyva's grace]
 19982 | Snake:1  | Gained mutation: Your translucent skin reduces your foes'
                  | accuracy. (Stealth+) [Jiyva's grace]
 20968 | Snake:2  | Noticed Vashnia
 20991 | Snake:2  | Reached skill level 1 in Shields
 21025 | Snake:2  | Killed Vashnia
 21026 | Snake:2  | Reached XP level 17. HP: 149/149 MP: 17/17
 21026 | Snake:2  | sit
 21033 | Snake:2  | Reached skill level 5 in Shields
 21083 | Snake:2  | Noticed Aizul
 21100 | Snake:2  | Killed Aizul
 21713 | Snake:3  | Noticed Mlioglotl
 22002 | Snake:3  | Killed Mlioglotl
 22003 | Snake:3  | sit lol
 22207 | Snake:3  | Found a runed translucent door.
 22208 | Snake:3  | Noticed Anno's ghost (adept NaIE)
 22214 | Snake:3  | Lost mutation: You have a pair of large horns on your head.
                  | [Jiyva's grace]
 22214 | Snake:3  | Lost mutation: You have a pair of horns on your head.
                  | [Jiyva's grace]
 22214 | Snake:3  | Lost mutation: Armour fits poorly on your massive
                  | pseudopods. [Jiyva's grace]
 22214 | Snake:3  | Lost mutation: Your translucent skin reduces your foes'
                  | accuracy. (Stealth+) [Jiyva's grace]
 22214 | Snake:3  | Gained mutation: Your body has grown eyes which may confuse
                  | attackers. (Acc +3) [Jiyva's grace]
 22214 | Snake:3  | Gained mutation: Your body has grown many eyes which may
                  | confuse attackers. (Acc +5) [Jiyva's grace]
 22214 | Snake:3  | Gained mutation: Your body is covered in eyes which may
                  | confuse attackers. (Acc +7, SInv) [Jiyva's grace]
 22214 | Snake:3  | Gained mutation: Your melee attacks may engulf your foes in
                  | ooze. [Jiyva's grace]
 22314 | Snake:3  | Found Utuimn's Weapon Shoppe.
 22720 | Snake:4  | Entered Level 4 of the Snake Pit
 22918 | Snake:4  | Found Nishreub's One-of-a-Kind Rings.
 22966 | Snake:4  | Noticed Louise
 22989 | Snake:4  | Killed Louise
 23052 | Snake:4  | Found a basalt altar of Yredelemnul.
 23699 | Snake:4  | Reached XP level 18. HP: 160/160 MP: 18/18
 23769 | Snake:4  | Got a serpentine rune of Zot
 23874 | Shoals:1 | Entered Level 1 of the Shoals
 23934 | Shoals:1 | Reached skill level 1 in Evocations
 23994 | Shoals:1 | Lost mutation: You have a pair of small horns on your head.
                  | [Jiyva's grace]
 23994 | Shoals:1 | Lost mutation: Your muscles are strong. (Str +4, Int/Dex
                  | -1) [Jiyva's grace]
 23994 | Shoals:1 | Gained mutation: You are mostly covered in iridescent
                  | scales. (AC +4) [Jiyva's grace]
 23994 | Shoals:1 | Gained mutation: You are completely covered in iridescent
                  | scales. (AC +6) [Jiyva's grace]
 23994 | Shoals:1 | Gained mutation: You are agile. (Dex +4, Str/Int -1)
                  | [Jiyva's grace]
 23994 | Shoals:1 | Gained mutation: You are very agile. (Dex +8, Str/Int -2)
                  | [Jiyva's grace]
 24334 | Shoals:1 | Noticed Donald
 24343 | Shoals:1 | Killed Donald
 24345 | Shoals:1 | Sit
 24876 | Shoals:2 | Reached skill level 5 in Evocations
 25400 | Shoals:3 | Found Syedeugh's Antique Armour Shop.
 25471 | Shoals:3 | Lost mutation: You are completely covered in iridescent
                  | scales. (AC +6) [Jiyva's grace]
 25471 | Shoals:3 | Lost mutation: Your natural rate of healing is unusually
                  | fast. [Jiyva's grace]
 25471 | Shoals:3 | Lost mutation: Your body is covered in eyes which may
                  | confuse attackers. (Acc +7, SInv) [Jiyva's grace]
 25471 | Shoals:3 | Lost mutation: You have a small jelly attached to you that
                  | may absorb projectiles. [Jiyva's grace]
 25471 | Shoals:3 | Lost mutation: Your melee attacks may engulf your foes in
                  | ooze. [Jiyva's grace]
 25471 | Shoals:3 | Gained mutation: Your translucent skin reduces your foes'
                  | accuracy. (Stealth+) [Jiyva's grace]
 25471 | Shoals:3 | Gained mutation: Your transparent skin significantly
                  | reduces your foes' accuracy. (Stealth+) [Jiyva's grace]
 25471 | Shoals:3 | Gained mutation: You have a pair of small horns on your
                  | head. [Jiyva's grace]
 25471 | Shoals:3 | Gained mutation: You have a pair of horns on your head.
                  | [Jiyva's grace]
 26020 | Shoals:4 | Entered Level 4 of the Shoals
 26040 | Shoals:4 | Reached skill level 1 in Spellcasting
 26043 | Shoals:4 | Paralysed by an air elemental for 1 turns
 26046 | Shoals:4 | Paralysed by an air elemental for 1 turns
 26219 | Shoals:4 | Noticed a titan
 26226 | Shoals:4 | Killed a titan
 26325 | Shoals:4 | Got a barnacled rune of Zot
 26541 | Shoals:4 | Paralysed by an air elemental for 1 turns
 26598 | Shoals:4 | Found a stormy altar of Qazlal.
 26635 | Shoals:4 | Paralysed by an air elemental for 1 turns
 26649 | Shoals:4 | Reached XP level 19. HP: 166/166 MP: 23/25
 26674 | Shoals:4 | Identified the +3 sling of Uncertain Death {antimagic,
                  | Dex+3}
 27083 | Elf:1    | Entered Level 1 of the Elven Halls
 27183 | Elf:1    | Reached skill level 5 in Spellcasting
 27290 | Elf:1    | Identified the +0 scale mail of Dice, Bag, and Bottle
                  | {Rampage Str-2 Slay+4}
 27804 | Elf:1    | Found Egethrink's Book Emporium.
 27804 | Elf:1    | Found Vacluw's Jewellery Boutique.
 27805 | Elf:1    | Found Geocew's Jewellery Boutique.
 27822 | Elf:1    | Bought an amulet of reflection for 480 gold pieces
 27893 | Elf:2    | Paralysed by an air elemental for 1 turns
 28108 | Elf:2    | Found a huge runed translucent gate.
 28108 | Elf:2    | Found a huge runed translucent gate.
 28108 | Elf:2    | Found a huge runed translucent gate.
 28108 | Elf:2    | Found a huge runed translucent gate.
 28109 | Elf:2    | Found a huge runed translucent gate.
 28251 | Elf:3    | Entered Level 3 of the Elven Halls
 28263 | Elf:3    | Found Vyjis's Assorted Antiques.
 28266 | Elf:3    | Found Pukiph's Antique Weapon Shop.
 28269 | Elf:3    | Found Puleanef's Antique Weapon Boutique.
 28279 | Elf:3    | Bought a scroll of blinking for 255 gold pieces
 28478 | Elf:3    | Noticed a Hell Sentinel
 28481 | Abyss:3  | Cast into level 3 of the Abyss (a deep elf demonologist)
 28482 | Abyss:3  | jerk
 28550 | Abyss:3  | what
 28575 | Abyss:3  | ok
 28675 | Abyss:3  | Lost mutation: You have a pair of horns on your head.
                  | [Jiyva's grace]
 28675 | Abyss:3  | Lost mutation: You have a pair of small horns on your head.
                  | [Jiyva's grace]
 28675 | Abyss:3  | Lost mutation: You are very agile. (Dex +8, Str/Int -2)
                  | [Jiyva's grace]
 28675 | Abyss:3  | Lost mutation: Your body has grown many eyes which may
                  | confuse attackers. (Acc +5) [Jiyva's grace]
 28675 | Abyss:3  | Lost mutation: Your body has grown eyes which may confuse
                  | attackers. (Acc +3) [Jiyva's grace]
 28675 | Abyss:3  | Lost mutation: Armour fits poorly on your large pseudopods.
                  | [Jiyva's grace]
 28675 | Abyss:3  | Lost mutation: Your transparent skin significantly reduces
                  | your foes' accuracy. (Stealth+) [Jiyva's grace]
 28675 | Abyss:3  | Gained mutation: You are very agile. (Dex +8, Str/Int -2)
                  | [Jiyva's grace]
 28675 | Abyss:3  | Gained mutation: Your spells are a little harder to cast,
                  | but a little more powerful. [Jiyva's grace]
 28675 | Abyss:3  | Gained mutation: Your spells are harder to cast, but more
                  | powerful. [Jiyva's grace]
 28675 | Abyss:3  | Gained mutation: Your spells are much harder to cast, but
                  | much more powerful. [Jiyva's grace]
 28809 | Elf:3    | Escaped the Abyss
 28841 | Elf:3    | Identified the +0 scimitar of the Walnut {elec, Fragile
                  | rElec rPois rN+}
 28848 | Elf:3    | sit lol
 28877 | Elf:3    | Noticed a Hell Sentinel
 28902 | Elf:3    | Reached XP level 20. HP: 176/176 MP: 27/27
 28902 | Elf:3    | sit
 28953 | Elf:3    | Noticed Shayle's ghost (adept HuSh)
 28958 | Elf:3    | Found a runed translucent door.
 29150 | Elf:3    | Found Aqug's Jewellery Boutique.
 29159 | Elf:3    | Bought an amulet of regeneration for 540 gold pieces
 29310 | Elf:3    | Identified the +2 plate armour of Roononas {rF+ Str+3 Dex+3
                  | Slay+2}
 29569 | Elf:3    | Identified the +10 scimitar of Eternal Vigilance {vamp,
                  | rElec rPois rF+++ Dex-2}
 29569 | Elf:3    | Identified the ring "Zig Riq" {rF+ rC+ rN+}
 29571 | Elf:3    | Noticed a Brimstone Fiend
 29608 | Elf:3    | Identified the staff of Dividends {rPois Str+6 Dex-2
                  | Poison}
 29677 | Elf:3    | Got a mumbling book
 29942 | Elf:3    | Killed Shayle's ghost
 30214 | Vaults:1 | Entered Level 1 of the Vaults
 30552 | Vaults:1 | Noticed Nikola
 30556 | Vaults:1 | Killed Nikola
 30558 | Vaults:1 | sit
 30619 | Vaults:1 | Identified the +3 dagger "Ugoseecs" {heavy, rElec rC++
                  | Str+3 Dex-4}
 30788 | Vaults:1 | Found Wiphuri's Assorted Antiques.
 30791 | Vaults:1 | Bought a scroll labelled XUSISM KAYCIO for 39 gold pieces
 30802 | Vaults:1 | Bought a scroll of teleportation for 117 gold pieces
 31078 | Vaults:1 | Lost mutation: You have hoof-like feet. [Jiyva's grace]
 31078 | Vaults:1 | Lost mutation: You have large cloven feet. [Jiyva's grace]
 31078 | Vaults:1 | Lost mutation: Your spells are much harder to cast, but
                  | much more powerful. [Jiyva's grace]
 31078 | Vaults:1 | Lost mutation: Your translucent skin reduces your foes'
                  | accuracy. (Stealth+) [Jiyva's grace]
 31078 | Vaults:1 | Gained mutation: You are strong-willed. (Will+) [Jiyva's
                  | grace]
 31078 | Vaults:1 | Gained mutation: You are highly strong-willed. (Will++)
                  | [Jiyva's grace]
 31078 | Vaults:1 | Gained mutation: You are extremely strong-willed. (Will+++)
                  | [Jiyva's grace]
 31078 | Vaults:1 | Gained mutation: You have a small jelly attached to you
                  | that senses nearby items. [Jiyva's grace]
 31320 | Vaults:2 | Reached XP level 21. HP: 186/186 MP: 28/28
 31392 | Vaults:2 | Found a magical portal.
 31402 | WizLab   | Entered Doroklohe's Tomb
 31854 | WizLab   | Gained mutation: You are frail. (-10% HP) [a cacodemon]
 31926 | WizLab   | that was pointless jiyva just ate everything
 32264 | Vaults:2 | Found a staircase to the Crypt.
 32264 | Vaults:2 | Found a basalt altar of Yredelemnul.
 32264 | Vaults:2 | Found an ancient bone altar of Kikubaaqudgha.
 32378 | Vaults:2 | Found Ideynoub's General Store.
 32718 | Vaults:3 | Noticed Asterion
 32728 | Vaults:3 | Killed Asterion
 32762 | Vaults:3 | Reached skill level 15 in Dodging
 33005 | Vaults:3 | Lost mutation: You are mostly covered in iridescent scales.
                  | (AC +4) [Jiyva's grace]
 33005 | Vaults:3 | Lost mutation: You are partially covered in iridescent
                  | scales. (AC +2) [Jiyva's grace]
 33005 | Vaults:3 | Lost mutation: You are very agile. (Dex +8, Str/Int -2)
                  | [Jiyva's grace]
 33005 | Vaults:3 | Lost mutation: You are extremely strong-willed. (Will+++)
                  | [Jiyva's grace]
 33005 | Vaults:3 | Lost mutation: Your translucent skin slightly reduces your
                  | foes' accuracy. (Stealth+) [Jiyva's grace]
 33005 | Vaults:3 | Gained mutation: You have a small jelly attached to you
                  | that may absorb projectiles. [Jiyva's grace]
 33005 | Vaults:3 | Gained mutation: Armour fits poorly on your large
                  | pseudopods. [Jiyva's grace]
 33005 | Vaults:3 | Gained mutation: Armour fits poorly on your massive
                  | pseudopods. [Jiyva's grace]
 33005 | Vaults:3 | Gained mutation: Your mind is acute. (Int +4, Str/Dex -1)
                  | [Jiyva's grace]
 33008 | Vaults:3 | Found a transporter.
 33008 | Vaults:3 | Found Bofiem's Armour Shop.
 33012 | Vaults:3 | Found a transporter.
 33326 | Vaults:3 | Noticed Jory
 33336 | Vaults:3 | Killed Jory
 33338 | Vaults:3 | sit
 33386 | Vaults:3 | Found a runed translucent door.
 33394 | Vaults:3 | Noticed Luiw's ghost (veteran HOBe)
 33456 | Vaults:3 | Noticed Frederick
 33463 | Vaults:3 | Killed Frederick
 33529 | Vaults:3 | Reached skill level 1 in Stealth
 34089 | Vaults:4 | Reached XP level 22. HP: 178/178 MP: 29/29
 34185 | Vaults:4 | Identified the +10 plate armour of Nelaa {Rampage rElec
                  | Regen+ Stlth+}
 34186 | Vaults:4 | not sure if good or not
 34186 | Vaults:4 | vs statue
 34223 | Vaults:4 | Noticed Margery
 34240 | Vaults:4 | Killed Margery
 34503 | Vaults:4 | Reached skill level 5 in Stealth
 34665 | Vaults:4 | Gained mutation: You have hidden genetic potential.
                  | [Jiyva's grace]
 34665 | Vaults:4 | Gained mutation: You have great hidden genetic potential.
                  | [Jiyva's grace]
 34665 | Vaults:4 | Gained mutation: Your body has grown eyes which may confuse
                  | attackers. (Acc +3) [Jiyva's grace]
 34665 | Vaults:4 | Gained mutation: Your body has grown many eyes which may
                  | confuse attackers. (Acc +5) [Jiyva's grace]
 34696 | Vaults:4 | Found Lann's Book Shop.
 35329 | Depths:1 | Entered Level 1 of the Depths
 35331 | Depths:1 | Found a one-way gate leading to the halls of Pandemonium.
 35352 | Depths:1 | Found a blossoming altar of Fedhas.
 35426 | Depths:1 | Found a runed translucent door.
 35426 | Depths:1 | Noticed a caustic shrike
 35462 | Depths:1 | Found a one-way gate to the infinite horrors of the Abyss.
 35466 | Depths:1 | Found a gateway to Hell.
 36011 | Depths:1 | Found a one-way gateway to a ziggurat.
 36446 | Depths:2 | Reached XP level 23. HP: 184/188 MP: 30/30
 37095 | Depths:2 | Noticed the Enchantress
 37116 | Depths:2 | Killed the Enchantress
 37215 | Depths:2 | Identified the +1 robe of the Devil {rPois rF- Regen+ SInv}
 37649 | Depths:3 | Gained mutation: Your muscles are strong. (Str +4, Int/Dex
                  | -1) [hidden potential]
 37661 | Depths:3 | Lost mutation: You are frail. (-10% HP) [Jiyva's grace]
 37661 | Depths:3 | Lost mutation: Your spells are harder to cast, but more
                  | powerful. [Jiyva's grace]
 37661 | Depths:3 | Lost mutation: Your body has grown many eyes which may
                  | confuse attackers. (Acc +5) [Jiyva's grace]
 37661 | Depths:3 | Gained mutation: You possess an exceptional clarity of
                  | mind. [Jiyva's grace]
 37661 | Depths:3 | Gained mutation: Your melee attacks may engulf your foes in
                  | ooze. [Jiyva's grace]
 37661 | Depths:3 | Gained mutation: Your body has grown many eyes which may
                  | confuse attackers. (Acc +5) [Jiyva's grace]
 37661 | Depths:3 | Gained mutation: Your body is covered in eyes which may
                  | confuse attackers. (Acc +7, SInv) [Jiyva's grace]
 37752 | Depths:3 | Found a sacrificial altar of Ru.
 37845 | Depths:3 | Noticed Xtahua
 37850 | Depths:3 | Killed Xtahua
 38387 | Depths:3 | Noticed a golden dragon
 38391 | Depths:3 | Killed a golden dragon
 38526 | Depths:3 | Noticed a dread lich
 38538 | Depths:3 | Killed a dread lich
 38565 | Depths:3 | Identified the +9 arbalest of Coukh {penet, Int+3}
 38567 | Depths:3 | Identified the +5 chain mail "Vumaijo" {Str+2 Dex+3}
 38677 | Depths:4 | Entered Level 4 of the Depths
 38753 | Depths:4 | Noticed Mennas
 38765 | Depths:4 | Killed Mennas
 38765 | Abyss:3  | Cast into level 3 of the Abyss (hell knight)
 38766 | Abyss:3  | ok
 38766 | Abyss:3  | note to self, mennas can't be slimified due to zin?
 38991 | Depths:4 | Escaped the Abyss
 38999 | Depths:4 | Reached XP level 24. HP: 222/222 MP: 30/30
 39108 | Depths:4 | Found a radiant altar of Vehumet.
 39307 | Depths:4 | Found a gate to the Realm of Zot.
 39418 | Depths:4 | Lost mutation: You possess an exceptional clarity of mind.
                  | [Jiyva's grace]
 39418 | Depths:4 | Lost mutation: You are highly strong-willed. (Will++)
                  | [Jiyva's grace]
 39418 | Depths:4 | Lost mutation: Your muscles are strong. (Str +4, Int/Dex
                  | -1) [Jiyva's grace]
 39418 | Depths:4 | Lost mutation: Your spells are a little harder to cast, but
                  | a little more powerful. [Jiyva's grace]
 39418 | Depths:4 | Lost mutation: Your body is covered in eyes which may
                  | confuse attackers. (Acc +7, SInv) [Jiyva's grace]
 39418 | Depths:4 | Lost mutation: Armour fits poorly on your massive
                  | pseudopods. [Jiyva's grace]
 39418 | Depths:4 | Lost mutation: Armour fits poorly on your large pseudopods.
                  | [Jiyva's grace]
 39418 | Depths:4 | Gained mutation: Your rubbery body absorbs attacks. (AC +1,
                  | EV +1) [Jiyva's grace]
 39418 | Depths:4 | Gained mutation: Your pliable body absorbs attacks. (AC +2,
                  | EV +2) [Jiyva's grace]
 39418 | Depths:4 | Gained mutation: Your gelatinous body deflects attacks. (AC
                  | +3, EV +3) [Jiyva's grace]
 39418 | Depths:4 | Gained mutation: You are covered in slimy tendrils that may
                  | disarm your opponents. [Jiyva's grace]
 39451 | Depths:4 | Reached skill level 27 in Unarmed Combat
 40104 | Vaults:5 | Entered Level 5 of the Vaults
 40104 | Vaults:5 | Noticed a dread lich
 40132 | Vaults:4 | Gained mutation: Your movements are slightly less
                  | encumbered by armour. (ER -2) [hidden potential]
 40132 | Vaults:4 | Lost mutation: You have great hidden genetic potential.
                  | [hidden potential expressed]
 40134 | Vaults:5 | Noticed a dread lich
 40141 | Vaults:4 | Killed a dread lich
 40164 | Vaults:4 | Slimified a dread lich
 40164 | Vaults:4 | a dread lich changed into an azure jelly
 40448 | Vaults:5 | Identified the ring "Ceweppac" {rN+ Will+}
 40520 | Vaults:5 | Identified the +5 long sword "Joydoly" {venom, MP+9 Int+2
                  | Dex+4}
 40523 | Vaults:5 | Identified the +6 arbalest "Jilout Ryrgh" {freeze, rPois
                  | rC+ Dex+2}
 40605 | Vaults:5 | Noticed an ancient lich
 40627 | Vaults:4 | Killed an ancient lich
 40668 | Vaults:5 | Identified the +1 pair of gloves of Salvation {-Tele
                  | Rampage rF++}
 40729 | Vaults:5 | Reached skill level 27 in Fighting
 40739 | Vaults:5 | Reached XP level 25. HP: 234/234 MP: 30/30
 41033 | Vaults:5 | Got a silver rune of Zot
 41110 | Vaults:5 | Identified the ring of Nyzushikh {Wiz Int+3}
 41368 | Vaults:5 | Noticed a dread lich
 41379 | Vaults:5 | Killed a dread lich
 41707 | Depths:2 | oops jiyva ate it
 41708 | Depths:2 | oh well
 41805 | Zot:1    | Entered Level 1 of the Realm of Zot
 41808 | Zot:1    | Noticed Vv
 41852 | Depths:4 | Killed Vv
 41916 | Depths:4 | Gained mutation: Your mind is very acute. (Int +8, Str/Dex
                  | -2) [hidden potential]
 41960 | Depths:4 | we love our welcome vaults
 42095 | Zot:1    | Lost mutation: Your mind is very acute. (Int +8, Str/Dex
                  | -2) [Jiyva's grace]
 42095 | Zot:1    | Lost mutation: Armour fits poorly on your pseudopods.
                  | [Jiyva's grace]
 42095 | Zot:1    | Lost mutation: You are covered in slimy tendrils that may
                  | disarm your opponents. [Jiyva's grace]
 42095 | Zot:1    | Lost mutation: Your melee attacks may engulf your foes in
                  | ooze. [Jiyva's grace]
 42095 | Zot:1    | Gained mutation: You are resistant to electric shocks.
                  | (rElec) [Jiyva's grace]
 42095 | Zot:1    | Gained mutation: You expend magic power (3 MP) to
                  | strengthen your wands. [Jiyva's grace]
 42095 | Zot:1    | Gained mutation: You are covered in slimy tendrils that may
                  | disarm your opponents. [Jiyva's grace]
 42095 | Zot:1    | Gained mutation: You are robust. (+10% HP) [Jiyva's grace]
 42293 | Zot:1    | Identified the +7 great mace of Friendship {freeze, Str+3}
 43187 | Zot:2    | oopsie
 43593 | Zot:3    | Noticed Grunn
 43605 | Zot:3    | Killed Grunn
 43606 | Zot:3    | Reached XP level 26. HP: 241/266 MP: 30/30
 44234 | Orc:2    | Bought a storm talisman for 1705 gold pieces
 44580 | Zot:4    | Lost mutation: Your body has grown many eyes which may
                  | confuse attackers. (Acc +5) [Jiyva's grace]
 44580 | Zot:4    | Lost mutation: Your body has grown eyes which may confuse
                  | attackers. (Acc +3) [Jiyva's grace]
 44580 | Zot:4    | Lost mutation: You are covered in slimy tendrils that may
                  | disarm your opponents. [Jiyva's grace]
 44580 | Zot:4    | Gained mutation: Your mind is very acute. (Int +8, Str/Dex
                  | -2) [Jiyva's grace]
 44580 | Zot:4    | Gained mutation: You are very agile. (Dex +8, Str/Int -2)
                  | [Jiyva's grace]
 44580 | Zot:4    | Gained mutation: You have very sharp teeth. [Jiyva's grace]
 44580 | Zot:4    | Gained mutation: You have extremely sharp teeth. [Jiyva's
                  | grace]
 44800 | Zot:4    | Identified the +4 double sword of the Voracious God
                  | {freeze, Str+3 Int+4}
 44800 | Zot:4    | Identified the +1 double sword of Gozag's Condemnation
                  | {heavy, *Rage rN+ Dex+2}
 45041 | Zot:4    | Lost mutation: You are very agile. (Dex +8, Str/Int -2)
                  | [mutagenic glow]
 45067 | Zot:4    | Gained mutation: Your spells are a little easier to cast,
                  | but a little less powerful. [mutagenic glow]
 45067 | Zot:4    | Gained mutation: You have great hidden genetic potential.
                  | [hidden potential]
 45067 | Zot:4    | Lost mutation: You have great hidden genetic potential.
                  | [hidden potential expressed]
 45972 | Zot:5    | Entered Level 5 of the Realm of Zot
 46090 | Zot:5    | Lost mutation: You have extremely sharp teeth. [Jiyva's
                  | grace]
 46090 | Zot:5    | Lost mutation: Your mind is very acute. (Int +8, Str/Dex
                  | -2) [Jiyva's grace]
 46090 | Zot:5    | Lost mutation: You are strong-willed. (Will+) [Jiyva's
                  | grace]
 46090 | Zot:5    | Lost mutation: Your gelatinous body deflects attacks. (AC
                  | +3, EV +3) [Jiyva's grace]
 46090 | Zot:5    | Lost mutation: Your pliable body absorbs attacks. (AC +2,
                  | EV +2) [Jiyva's grace]
 46090 | Zot:5    | Lost mutation: You have hidden genetic potential. [Jiyva's
                  | grace]
 46090 | Zot:5    | Gained mutation: You possess an exceptional clarity of
                  | mind. [Jiyva's grace]
 46090 | Zot:5    | Gained mutation: Your flesh is cold resistant. (rC+)
                  | [Jiyva's grace]
 46090 | Zot:5    | Gained mutation: Your flesh is very cold resistant. (rC++)
                  | [Jiyva's grace]
 46090 | Zot:5    | Gained mutation: Your flesh is almost immune to the effects
                  | of cold. (rC+++) [Jiyva's grace]
 46095 | Zot:5    | Lost mutation: You possess an exceptional clarity of mind.
                  | [mutagenic glow]
 46120 | Zot:4    | Lost mutation: You are agile. (Dex +4, Str/Int -1)
                  | [mutagenic glow]
 46269 | Zot:4    | Learned a level 2 spell: Lesser Beckoning
 46291 | Zot:5    | Reached skill level 1 in Translocations
 46362 | Zot:5    | Noticed an ancient lich
 46367 | Zot:5    | Noticed an orb of fire
 46368 | Zot:5    | Noticed an orb of fire
 46378 | Zot:5    | Noticed a Killer Klown
 46382 | Zot:5    | Killed an orb of fire
 46383 | Zot:5    | Noticed a Killer Klown
 46390 | Zot:5    | Noticed an ancient lich
 46392 | Zot:5    | Killed an orb of fire
 46404 | Zot:5    | Reached skill level 5 in Translocations
 46408 | Zot:5    | Noticed a dread lich
 46410 | Zot:5    | Killed an ancient lich
 46411 | Zot:5    | Killed an ancient lich
 46414 | Zot:5    | Noticed an orb of fire
 46414 | Zot:5    | Noticed an orb of fire
 46415 | Zot:5    | Killed a dread lich
 46437 | Zot:5    | Killed a Killer Klown
 46442 | Zot:5    | Killed an orb of fire
 46449 | Zot:5    | Lost mutation: Your spells are a little easier to cast, but
                  | a little less powerful. [an orb of fire]
 46451 | Zot:5    | Killed an orb of fire
 46458 | Zot:5    | Reached XP level 27. HP: 195/273 MP: 30/30
 46462 | Zot:5    | Noticed an orb of fire
 46466 | Zot:5    | Gained mutation: You do not regenerate when monsters are
                  | visible. [an orb of fire]
 46472 | Zot:5    | Killed an orb of fire
 46474 | Zot:5    | Lost mutation: Your flesh is almost immune to the effects
                  | of cold. (rC+++) [potion of mutation]
 46474 | Zot:5    | Lost mutation: Your flesh is very cold resistant. (rC++)
                  | [potion of mutation]
 46474 | Zot:5    | Lost mutation: You expend magic power (3 MP) to strengthen
                  | your wands. [potion of mutation]
 46502 | Zot:5    | Reached skill level 10 in Translocations
 46544 | Zot:5    | Noticed a dread lich
 46549 | Zot:5    | Killed a dread lich
 46565 | Zot:5    | Lost mutation: Your rubbery body absorbs attacks. (AC +1,
                  | EV +1) [potion of mutation]
 46565 | Zot:5    | Lost mutation: You have a small jelly attached to you that
                  | may absorb projectiles. [potion of mutation]
 46566 | Zot:5    | Lost mutation: You do not regenerate when monsters are
                  | visible. [potion of mutation]
 46566 | Zot:5    | Lost mutation: You are robust. (+10% HP) [potion of
                  | mutation]
 46566 | Zot:5    | Gained mutation: You possess an exceptional clarity of
                  | mind. [potion of mutation]
 46663 | Zot:5    | that was an experience
 46780 | Zot:5    | Learned a level 3 spell: Teleport Other
 46787 | Zot:5    | Learned a level 6 spell: Dispersal
 46793 | Zot:5    | Got the Orb of Zot
 46942 | Zot:2    | Noticed Okuit the pandemonium lord
 47027 | Depths:4 | Noticed Ijostrar the pandemonium lord
 47085 | Depths:2 | Noticed Navoymi the pandemonium lord
 47197 | D:13     | Noticed Asieroig the pandemonium lord
 47207 | D:12     | Noticed Sysydy the pandemonium lord
 47320 | D:8      | Gained mutation: You are frail. (-10% HP) [a neqoxec]
 47503 | D:$      | Escaped with the Orb!

Illustrated notes ..>..#### .o ........#####... ....###)........## .............#.... #.##.##)###### o.# .........#### #.# ............####.## ..⌠...⌠..#..†.....#.#.# .........#..####@.....# ....>.......# #..##..# .........#..# ##... .# ..⌠...⌠..#..# ..## ............# #.# .........#..# .# #.##.##.##..# .# .... .... .# . Turn 2957 on D:5: whoa .................. .... ...###....##...... ..D ....##..#.# #........ .....# ## # #[<.....### .......# ....#....## ..........# #...#.....# ..........# #.......# .........## #.......# .........#####..@....# .......>.##......##.## ........##..#....# ............#.)### ...............# .............### .............# .............# ..>..........# Turn 6882 on D:11: we take it ..>.....................#.... ........................##.##. ..................#.N....#.. # ..................#'#######.. #...#....................# #.. .... .... ......#......# ....###.###########......# ...............).))N.....# ................8#.......'.. #...............##......#.. ######.########.###....## #...........# #'### #.########### ... #. .N.. .. ..... ##. ... ## Turn 21026 on Snake:2: sit #.#...#.###.....#....... #.......###....##....... ###.........#....##....... ................##....... #......>......######...# #............# ##### #...........# ##.......#### #..#8..## #.###### #..# ..... ##..... ....... ......... ...##...##. .... #...# #. Turn 22003 on Snake:3: sit lol ≈≈≈≈≈≈≈≈≈≈~~~~~~~~~~~...~~~~~~ ≈≈≈≈~~~~~~~~~~~~~~~~~~~...~~~~ ≈≈≈~~~~~~~~~~~~~~~~~.~...~~~~~ ≈≈~~~~~~~~~~~~~..~~.......~~~≈ ≈≈~~~~~~..~~~~........###~~~~~ ≈≈≈~~~~...~..~~...#### #~~~~~ ≈≈~~~~~.##...~≈~..###. ~~~~~~ ≈≈≈~~~~........~...... ≈≈≈≈~~~~...##8.###... ≈≈≈≈~~~~...#.### ≈≈≈≈~~~...... ≈≈≈≈~~~...... ≈≈≈≈~~~..##.. .~~~~~≈≈≈≈~~ ≈~P~~~# #.P # ~~~~~≈≈≈≈≈≈ ≈≈P~~~ .P.## #...~~~≈≈≈≈≈≈ ≈≈≈P .....###.. .~~≈≈≈≈≈≈ .~.P#..~~.. #~~≈≈≈≈≈≈ Turn 24345 on Shoals:1: Sit #### # #.. #.#.# #.8# #..## #..# ##. . .. .. ... ... Turn 28482 on Abyss:3: jerk .# ###.. # .... ##. .#. .. ..# .# .. #.#.## #....# #8.# #..# ..#.# #....# .#.# # #.... .#... #. ... ## ##. Turn 28550 on Abyss:3: what #### #8.# #..#...# #### .#..# # # Turn 28575 on Abyss:3: ok ##.......)####### #.........'...... #########.........####### ........'......[..# #########.....)...# #.........# ##)......## ####[.....## #.8[.###### ##[#### ##))# #))## #)## #.# ... ....3 .)..... Turn 28848 on Elf:3: sit lol #.........# ##)......## ####[.....## #.|[.###### ##§#### ##§§# #§§## #§## ####8#### #.§§§§§.# #..)§§§§..# #....)........# #.............# #...............# #......:###....... #......# #...... #.....# #..... Turn 28902 on Elf:3: sit #..#.......# #..#.......######## #..#.......#......# #..........#......# #..#.......#......# #..#########......# #..# #......# #..# #......# #..###########8######. #.....................J #...................... #...................... #...................... #..##############....## #..# ....# #..# ....# #..# ...# Turn 30558 on Vaults:1: sit ############# #...........# #...........# #...........# #..∩..∩..8..# #...........# #...........# #...........# #############.################### ................................. ................................. ................................. ................................. Turn 31926 on WizLab: that was pointless jiyva just ate everything ######################### ......................... ......................!.. ......................... ......................... ...............)......... ................8........ ......................... #...#############........ #...# ........ #...# ........ #...# ........ #...# ........ #...# ........ #...##### ##...... Turn 33338 on Vaults:3: sit ......)).................. ..))..)................... .......))................. ....................###+# ....................# +###############....# #....# ∆ ∆ ∆ #'#..# +8#..# ∆ ###..# #....# #............ ................ ................. ................. .................. .................. Turn 34186 on Vaults:4: not sure if good or not ....... ... ...... .#. ..... ..# #. .... ... ... ... .. ... . ..#.##D.#.. ...# #.......... ......#.......... #....8..# #..##.##.# #. # #. .. #. #. .. .. Turn 38766 on Abyss:3: ok #..............##.... ##..............####.. #................#.'## #................#..# #................'..# #....J...........'..# #................#..# #................#.'## ##..[8..........####.. #..............##.... ##............##..... ##..........##...... ###......####...... ######## #...... #.....⌠ #...... #...... Turn 41707 on Depths:2: oops jiyva ate it #..............##.... ##..............####.. #................#.'## #................#..# #................'..# #................'..# #................#..# #.....J..........#.'## ##..[8..........####.. #..............##.... ##............##..... ##..........##...... ###......####...... ######## #...... #.....⌠ #...... #...... Turn 41708 on Depths:2: oh well

......#######.......##........##.
......#######.##.##.########.....
..............##..### #.....
.......#########.#.## #.....
.......# ##.).....## #.....
.......# #.###.###.# #.....
#'####.# #.###.###.# ####.....
#....#.#####.##...##.####........
####.#........J.8.'.......#######
.....#..####.##.).##.######
######.....#.###'###.#
.........#.#.###.###.#
########.#.##.......## ######
#.#.#####.#### #.....
##'#.....#.# #.....
#######...###.##.###########.....
..........# #.......##...........


Turn 41960 on Depths:4: we love our welcome vaults #........ #........ ####
#........ #..# #.......J #J## #..J..... ##J##### #........ #......# ##.......
#......# ###...#### #...8..# #.'...#J~# #......#####.#...#~~#
#......'.....#..>#### #......#######....... ######## ######## Turn 43187 on
Zot:2: oopsie ,,,,,,* *#.............## #...^.. ,,,,,,* #.............# #......
,,,,,,* *#...........## #.....^ ^,,,,,* #...........# #...... ,,,,,,*
##...........## #...... ,,,,,** #.............# ##..... ,,,^** ##.............##
##.... ,,,** #.....[.........# ##... **** ########8######## ▓▓ #### #.#....# #.#
#.J....###.# ### #.....###.# #### #....#.#.## #### #....##.## #### ####
#..#####.# #.^. ##### #..# ###.# #... #^..############..####....####... Turn
46663 on Zot:5: that was an experience

Levels and vault maps discovered:
D:1:      lightli_arrival_flooded_house, layout_rooms, serial_bayou,
          serial_bayou_pond_c, serial_bayou_lake_a, serial_bayou_shore_b
D:2:      layout_loops_ring, dreamdust_ecumenical_altar_angels_and_demons,
          basic_altar, dreamdust_princess_corridor, kennysheep_boxes
D:3:      layout_basic, mainiacjoe_overflow_alcove_4, serial_shops,
          nicolae_shop_mannequins
D:4:      kennysheep_goblin_castle, layout_loops_ring,
          nicolae_tso_swordbearing_angel, serial_shops, shop
D:5:      layout_rooms, minmay_temple_entry_large_hall, kennysheep_pointless_box
D:6:      layout_loops_corners
D:7:      layout_rooms, nicolae_overflow_crystal_walls, gammafunk_ghost_arena,
          uniq_crazy_yiuf_cottage
D:8:      layout_basic, grunt_temple_overflow_lords_of_destruction,
          nicolae_overflow_hidden_temple, zin_treasury, hellmonk_lair_entry_icy,
          serial_rivers, chequers_serial_rivers_room_b,
          chequers_serial_rivers_micro_b, chequers_serial_rivers_room_b,
          chequers_serial_rivers_micro_b, chequers_serial_rivers_micro_c,
          minmay_manual_mares
D:9:      layout_stronghold, nicolae_kikubaaqudgha_miasma_corner, orc_0_dummy
D:10:     layout_cave_pools, gammafunk_temple_overflow_pools, amethyst_killhole,
          uniq_lodul, uniq_joseph, uniq_josephine, uniq_psyche
D:11:     layout_cave_pools, gauntlet_entry_generic
D:12:     layout_loops_ring, nicolae_elevator_lobby_plus, uniq_azrael,
          uniq_nergalle
D:13:     layout_big_octagon
D:14:     layout_roguey, hangedman_abyss_or_decor_lesser_grid
D:15:     hangedman_depths_entry_civil_slaughter, layout_basic,
          hangedman_decor_points, uniq_kirke, uniq_roxanne, uniq_agnes
Lair:1:   layout_long_grid, grunt_megastairs_4
Lair:2:   layout_regular_city, st_stairs_8, cheibrodos_lair_reptile_den,
          serial_bayou_shore_a
Lair:3:   layout_loops_ring, minmay_shoals_entry_centaurs,
          minmay_snake_entry_guardpost_small
Lair:4:   layout_regular_city, slime_entry_1, lookout_lair_type, uniq_sonja
Lair:5:   gammafunk_lair_ancient_temple, layout_loops_ring,
          portal_ice_cave_entry_ice_simulacra, lemuel_altar_in_water2,
          nicolae_lair_lil_pond
Shoals:1: layout_shoals, nicolae_shoals_land_atoll, uniq_donald
Shoals:2: layout_shoals, nicolae_shoals_lost_giant_baths
Shoals:3: layout_shoals, serial_shops, shop
Shoals:4: shoals_end_hellmonk_storm_palace [storm_palace_center_circular,
          storm_palace_corner_grid, storm_palace_corner_altar,
          storm_palace_corner_blocked, storm_palace_corner_reverse_hut]
Snake:1:  nrook_guardian_serpent_snake_passage, layout_rooms
Snake:2:  layout_gridlike, grunt_megastairs_2, uniq_aizul, uniq_vashnia
Snake:3:  layout_chambers, serial_shops, nicolae_shop_statue_plus,
          ebering_ghost_inner_flame, uniq_mlioglotl
Snake:4:  grunt_snake_rune_serpentine_throne, layout_gridlike,
          nicolae_shop_unique_rings, lemuel_oklob_altar, uniq_louise
Slime:1:  nicolae_slime_infinislime, layout_caves,
          cheibrodos_slime_lost_civilization_7
Slime:2:  layout_caves
Slime:3:  layout_caves
Slime:4:  cheibrodos_slime_lost_civilization_9, layout_caves
Slime:5:  slime_pit_nicolae_jellycorners
Orc:1:    layout_diamond_mine, nicolae_volcano_entry_hallway
Orc:2:    grunt_orc_cross, layout_caves, basic_altar, serial_shops,
          nicolae_shop_hallway_plus, uniq_erolcha
Elf:1:    eino_elf_arrival_sip, layout_loops_cross, hangedman_elf_disciples,
          minmay_shop_grove, lemuel_upstairs_altar
Elf:2:    elven_hall_of_blades_hangedman_alternative
          [nooodl_blade_entry_preview], layout_gridlike,
          serial_sigils_hangedman_scar, drop_trap
Elf:3:    nooodl_elf_gasket, layout_geoelf_diagonals,
          hellmonk_ghost_happy_afterlife, serial_shops, shop, minmay_shop_star
Vaults:1: v_misc_26, hangedman_vaults_restitches,
          nicolae_vaults_storage_room_statues, nicolae_vaults_house_2,
          nicolae_vaults_security_offices_4, nicolae_vaults_storage_room_water,
          nicolae_vaults_heist, layout_vaults_omnigrid, serial_shops,
          nicolae_shop_tiny_real_fake_doors, uniq_nikola
Vaults:2: mu_enter_wizlab_5, vaults_dpeg_encased_lava,
          minmay_crypt_entry_necro_gods, nicolae_vaults_double_plus_2,
          nicolae_vaults_alarming, nicolae_vaults_prndl, v_rooms_6,
          nicolae_vaults_cochlea, vaults_room_mumra_shop_pool,
          nicolae_vaults_trapezoid_lopsided_3, vaults_room_stairs_pillars,
          nicolae_vaults_closet_pinwheel_2, layout_vaults_omnicross
Vaults:3: ebering_ghost_reflecting_pool, nicolae_vaults_more_shelving_1,
          nicolae_vaults_network_star, grunt_vaults_twisty,
          nicolae_vaults_little_ls, nicolae_vaults_closet_pinwheel_3,
          nicolae_vaults_tetromino_Z_1, vaults_dpeg_cross, vaults_room_hallway,
          ontoclasm_vaults_decontamination, v_pattern_3,
          layout_vaults_chaotic_city, serial_shops, nicolae_shop_drivethru,
          uniq_jory, uniq_asterion, uniq_frederick
Vaults:4: v_misc_1, nicolae_vaults_shelves_hall,
          nicolae_vaults_windows_and_doors_thing, hangedman_vaults_maws,
          nicolae_vaults_closet_pinwheel_1, nicolae_vaults_surprise_closet_hard,
          nicolae_vaults_trapezoid_2, nicolae_vaults_trapezoid_3,
          ontoclasm_vaults_gateway, vaults_dpeg_ring, hangedman_vaults_impose,
          v_alt_pattern_6, layout_vaults_omnibox, serial_shops,
          nicolae_shop_temple_entry_statues_fountains, uniq_margery
Vaults:5
Depths:1: layout_twisted_cross, enter_ziggurat_b, pan_entry, abyss_entry,
          hell_entry, fedhas_altar_2, chequers_serial_rivers_small_3,
          hangedman_decor_growths, kennysheep_treasure_room, grunt_megastairs_3,
          serial_bayou_shore_b
Depths:2: grunt_forest_end_chambers, layout_gridlike,
          grunt_pan_entry_in_and_out, hell_entry, abandoned_shop,
          abyss_entry_small_statue_room
Depths:3: cheibrodos_cascadia, layout_honeycomb, rand_demon_pan_entry_5,
          hell_entry, nicolae_ru_the_path_less_chosen,
          hangedman_abyss_entry_splay, firewood_loft,
          infiniplex_staircase_pool_2, uniq_xtahua
Depths:4: grunt_crosshair, layout_basic, pf_hell_entry_tar_river, abyss_entry,
          vehumet_crystals, uniq_mennas
Zot:1:    layout_onion_interference, uniq_vv
Zot:2:    layout_gridlike, bh_zot_ikea_curve, skrybe_zot_glass_2
Zot:3:    layout_concentric_octagons, grunt_ministairs_2, uniq_grunn
Zot:4:    layout_gridlike, nicolae_rock_paper_scissors
Zot:5:    layout_misc_corridors, grunt_ministairs_2

Skill      XL: |  1  2  3  4  5  6  7  8  9 10 11 12 13 14 15 16 17 18 19 20 21 22 23 24 25 26 27 |
---------------+----------------------------------------------------------------------------------+-----
Axes           | 4 5 6 7 9 12 13 | 13.6
Fighting       | 5 8 10 13 14 16 18 19 21 22 24 25 27 | 27.0
Unarmed Combat | 12 15 16 17 18 20 21 22 23 24 26 27 | 27.0
Dodging        | 4 5 8 10 11 13 14 15 16 19 20 | 20.8
Shapeshifting  | 6 11 13 14 15 17 18 19 20 22 23 24 | 24.3
Armour         | 2 7 9 |  9.8
Shields        | 4 6 |  6.7
Evocations     | 6 |  6.1
Spellcasting   | 4 5 |  5.0
Stealth        | 2 5 |  5.8
Translocations | 8 13 | 13.0

Action                     |  1- 3 |  4- 6 |  7- 9 | 10-12 | 13-15 | 16-18 | 19-21 | 22-24 | 25-27 || total
---------------------------+-------+-------+-------+-------+-------+-------+-------+-------+-------++-------
  Melee: Hand axe          |   117 |   136 |   194 |   556 |   447 |       |       |       |       ||  1450
         Unarmed           |       |       |       |     2 |   618 |   802 |   921 |  1038 |   921 ||  4302
         Kick              |       |       |       |       |   291 |   248 |   206 |       |       ||   745
         Pseudopods        |       |       |       |       |    62 |   188 |   221 |   320 |    65 ||   856
         Headbutt          |       |       |       |       |       |   144 |    35 |       |       ||   179
         Bite              |       |       |       |       |       |       |       |       |    75 ||    75
         Punch             |       |       |       |       |       |       |       |       |     3 ||     3
   Cast: Apportation       |       |       |       |       |       |     2 |       |       |       ||     2
         Dispersal         |       |       |       |       |       |       |       |       |     3 ||     3
 Invoke: Oozemancy         |       |     1 |     4 |     7 |     5 |     2 |     5 |     6 |     6 ||    36
         Slimify           |       |     1 |       |     1 |       |       |       |     2 |       ||     4
  Evoke: Wand              |       |       |     1 |     1 |     3 |     1 |       |     1 |     6 ||    13
    Use: Scroll            |     2 |       |     1 |     6 |    12 |    13 |     8 |     7 |     9 ||    58
         Potion            |       |       |       |     2 |     1 |       |       |     4 |    19 ||    26
   Stab: Confused          |       |     2 |       |    37 |    59 |    18 |     2 |    42 |     8 ||   168
         Paralysed         |       |       |       |       |     1 |       |     1 |       |       ||     2
         Sleeping          |       |       |       |       |       |     7 |     9 |     6 |     1 ||    23
         Distracted        |       |       |       |       |       |     2 |     4 |     5 |     2 ||    13
 Armour: Robe              |     5 |       |       |       |       |       |       |       |       ||     5
         Ring mail         |    45 |    67 |     9 |       |       |       |       |       |       ||   121
         Chain mail        |       |       |    77 |   252 |       |       |       |       |       ||   329
         Scale mail        |       |       |       |    33 |   404 |    84 |       |       |       ||   521
         Skin              |       |       |       |       |       |   402 |   440 |   857 |   836 ||  2535
  Dodge: Dodged            |    56 |    92 |   128 |   388 |   907 |  1147 |   851 |  1102 |   940 ||  5611
  Block: Buckler           |       |       |       |       |       |   282 |   406 |   404 |   375 ||  1467
         Reflection        |       |       |       |       |       |       |    32 |       |       ||    32
         Form:             |       |       |       |     3 |     2 |     1 |       |     1 |       ||     7
         Blade             |       |       |       |     3 |     2 |     1 |       |       |       ||     6
         Statue            |       |       |       |       |       |     1 |       |     1 |     1 ||     3
         Storm             |       |       |       |       |       |       |       |       |     1 ||     1

Table legend: (Time is in decaauts)
 A = Elapsed time spent in this place.
 B = Non-inter-level travel time spent in this place.
 C = Inter-level travel time spent in this place.
 D = Time resting spent in this place.
 E = Time spent auto-exploring this place.
 F = Levels seen in this place.
 G = Mean time per level.
                   A        B        C        D        E       F      G
               +--------+--------+--------+--------+--------+-----+--------+
         Total |  62110 |  55685 |   6425 |   3485 |  34685 |  58 | 1070.9 |
       Dungeon |  15402 |  12990 |   2412 |    445 |   9273 |  15 | 1026.8 |
          Lair |   5053 |   4648 |    405 |    159 |   3373 |   5 | 1010.6 |
        Shoals |   5517 |   5186 |    331 |     85 |   3549 |   4 | 1379.2 |
     Snake Pit |   5437 |   5208 |    229 |    623 |   3146 |   4 | 1359.2 |
    Slime Pits |    238 |    192 |     46 |      0 |      0 |   5 |   47.6 |
  Orcish Mines |   1987 |   1641 |    346 |     47 |    706 |   2 |  993.5 |
   Elven Halls |   3854 |   3583 |    271 |    336 |   1719 |   3 | 1284.7 |
        Vaults |   8490 |   7629 |    861 |    162 |   5146 |   5 | 1698.0 |
        Depths |   7143 |   6102 |   1041 |    294 |   4088 |   4 | 1785.8 |
           Zot |   6119 |   5640 |    479 |    667 |   3317 |   5 | 1223.8 |
         Abyss |    750 |    750 |      0 |     34 |    109 |   2 |  375.0 |
      Ice Cave |    663 |    663 |      0 |     64 |    254 |   1 |  663.0 |
       Volcano |    386 |    386 |      0 |    165 |      0 |   1 |  386.0 |
        Wizlab |    761 |    761 |      0 |    384 |      0 |   1 |  761.0 |
      Gauntlet |    301 |    301 |      0 |     15 |      0 |   1 |  301.0 |
               +--------+--------+--------+--------+--------+-----+--------+

Top non-repeatable levels by time:
Depths:2: 2174 daAuts
   Zot:4: 2160 daAuts
Vaults:3: 2107 daAuts
   Elf:3: 2023 daAuts
Depths:3: 1850 daAuts
Vaults:4: 1809 daAuts
 Snake:3: 1806 daAuts
Depths:4: 1695 daAuts
Vaults:1: 1681 daAuts
    D:15: 1664 daAuts
 Snake:4: 1611 daAuts
Vaults:5: 1589 daAuts
Shoals:1: 1573 daAuts
     D:9: 1513 daAuts
     D:8: 1480 daAuts
